 Dungeon Crawl Stone Soup version 0.30-a0-913-g9934a0ce24 (webtiles) character file.

Game seed: 14167853886506786286

3735 Demosthentine the Trooper (level 9, -2/64 HPs)
             Began as a Demonspawn Gladiator on Mar 19, 2023.
             Was a Believer of Hepliaklqana.
             Collided with a rock wall (15 damage)
             ... caused by Erica
             ... on level 8 of the Dungeon.
             The game lasted 00:06:52 (6787 turns).

Demosthentine the Trooper (Demonspawn Gladiator)    Turns: 6787, Time: 00:06:53

Health: -2/64      AC: 10    Str: 16    XL:     9   Next: 92%
Magic:  9/9        EV: 25    Int: 11    God:    Hepliaklqana [**....]
Gold:   210        SH:  5    Dex: 22    Spells: 8/8 levels left

rFire   . . .      SeeInvis .    a - +1 trident
rCold   . . .      Faith    .    (no shield)
rNeg    . . .      Spirit   .    r - +2 leather armour {Will+}
rPois   .          Reflect  +    (helmet restricted)
rElec   .          Rampage  .    y - +0 cloak
rCorr   .                        m - +2 pair of gloves
Will    +....                    (no boots)
Stlth   ++                       f - amulet of reflection
HPRegen 0.30/turn                l - +5 ring of evasion
MPRegen 0.11/turn                n - +6 ring of dexterity

@: lethally poisoned (-2 -> -6)
A: reduced essence, horns 2, repulsion field 2, condensation shield
a: Renounce Religion, Recall Ancestor, Ancestor Identity


You were on level 8 of the Dungeon.
You worshipped Hepliaklqana.
Hepliaklqana was pleased with you.
You visited 2 branches of the dungeon, and saw 9 of its levels.

You collected 530 gold pieces.
You spent 320 gold pieces at shops.

Inventory:

Hand Weapons
 a - a +1 trident (weapon)
Missiles
 d - 2 throwing nets (quivered)
 e - a javelin
Armour
 m - a +2 pair of gloves (worn)
 r - a +2 leather armour of willpower (worn)
 y - a +0 cloak (worn)
Jewellery
 f - an amulet of reflection (around neck)
 l - a +5 ring of evasion (left hand)
 n - a +6 ring of dexterity (right hand)
Wands
 o - a wand of flame (16)
 u - a wand of charming (15)
 B - a wand of mindburst (10)
 C - a wand of iceblast (8)
Scrolls
 k - 5 scrolls of vulnerability
 p - 2 scrolls of amnesia
 s - 2 scrolls of enchant armour
 t - 3 scrolls of teleportation
Potions
 b - a potion of mutation {unknown}
 c - 6 potions of curing
 g - 6 potions of haste
 h - 6 potions of heal wounds
 i - 2 potions of berserk rage
 j - 2 potions of might
 q - 3 potions of lignification
 v - a potion of degeneration {unknown}
 w - a potion of attraction
 x - 2 potions of magic {unknown}
 z - a potion of ambrosia {unknown}
 A - a potion of flight {unknown}


   Skills:
 + Level 7.4 Fighting
 + Level 7.1 Polearms
 - Level 1.7 Throwing
 + Level 6.3 Armour
 + Level 7.1 Dodging


You had 8 spell levels left.
You didn't know any spells.
Your spell library was empty.

Dungeon Overview and Level Annotations

Branches:
Dungeon (8/15)             Temple (1/1) D:4
   Lair: D:8-11

Altars:
Ashenzari
Cheibriados
Dithmenos
Fedhas
Gozag
Hepliaklqana
Kikubaaqudgha
Makhleb
Nemelex Xobeh
Okawaru
Qazlal
Ru
Sif Muna
Trog
Uskayaw
Wu Jian
Yredelemnul

Shops:
D:2 (!([(   D:4 *   D:5 (   D:6 !

Annotations:
D:8 Erica


Innate Abilities, Weirdness & Mutations

Your life essence is reduced to manifest your ancestor. (-10% HP)
You have a pair of horns on your head.
You are surrounded by a moderate repulsion field. (EV +3)
A meltable shield of frost defends you. (SH +0)


Message History

The orc is almost dead.
Erica says, "I love to fight, but killing is better."
Erica points at you and mumbles some strange words.
The bolt of poison hits you.
You are poisoned.
The bolt of poison hits Necuametl.
Necuametl completely resists.
You catch the helpless orc completely off-guard!
You puncture the orc!
You kill the orc!
You feel very sick.
Erica says, "Fast and perfect.
Such is my way of killing."
Erica hits you with a +3 scimitar of flaming.
Your condensation shield dissipates!
Erica burns you.
You closely miss Erica.
Erica is moderately wounded.
You feel sick.
Erica points at you and mumbles some strange words.
You resist with almost no effort.
Necuametl hits Erica with a +0 dagger of draining!
Erica completely misses you.
You barely miss Erica.
Erica is moderately wounded.
You feel sick.
Necuametl hits Erica with a +0 dagger of draining.
Erica gestures at you while chanting. You resist with almost no effort.
Necuametl casts a spell at Erica.
Erica resists with almost no effort.
You hit Erica. Your headbutt misses Erica.
Erica is heavily wounded.
You feel sick. Erica barely misses you.
Erica points at you and mumbles some strange words.
The lance of force hits you!!
Ouch! That really hurt!
* * * LOW HITPOINT WARNING * * *
You are knocked back by the lance of force.
You slam into the rock wall!
You die...

#..####.......##.#........#
#.......##.#####.#..##.##.#
#...######.# ###?#..##)##..
##### #.# #.............
#.# #.###.########
#######.# #.# #.#
#.....>.###.###.#######
..######'##.............#
......@..@#.#.##.##)....#
.......R..#.............#
..........#.#....##.....#
#######...#......##.....#
#...###.##.##.##### #...#
#.......# # #...# ####.####
# #...# #.......######
#.##.#.......#


You could see the friendly Necuametl the hexer and Erica (fast, ally target).

Vanquished Creatures
  A deep elf pyromancer (D:8)
  Pikel (D:8)
  Sigmund (D:6)
  A wyvern (D:4)
  Eustachio (D:5)
  A steam dragon (D:7)
  Menkaure (D:5)
  3 water moccasins
  2 black bears (D:4)
  A sky beast (D:6)
  A centaur (D:6)
  A phantom (D:4)
  A lemure (D:8)
  An ogre (D:6)
  2 scorpions
  2 bullfrogs
  A howler monkey (D:4)
  4 hounds
  3 orc priests
  A jelly (D:6)
  2 sleepcaps
  Jessica (D:3)
  5 iguanas
  An orc wizard (D:8)
  Robin (D:4)
  3 gnolls (D:6)
  8 adders
  A shadow imp (D:5)
  2 ufetubi
  2 dart slugs
  20 orcs
  6 ball pythons
  7 bats
  10 endoplasms
  7 giant cockroaches
  14 goblins
  9 hobgoblins
  3 jackals (D:1)
  3 quokkas
  2 frilled lizards (D:1)
  7 kobolds
  2 rats (D:3)
146 creatures vanquished.

Vanquished Creatures (collateral kills)
  A steam dragon (D:6)
  An ice beast (D:7)
  A hound (D:6)
  A jelly (D:7)
  2 sleepcaps
  An orc wizard (D:7)
  A gnoll (D:6)
  An orc (D:6)
9 creatures vanquished.

Vanquished Creatures (others)
  An ancestor (D:5)
1 creature vanquished.

Grand Total: 156 creatures vanquished

Notes
Turn   | Place    | Note
-------+----------+-------------------------------------------
     0 | D:1      | Demosthentine the Demonspawn Gladiator began the quest for
                  | the Orb.
     0 | D:1      | Reached XP level 1. HP: 16/16 MP: 1/1
   261 | D:1      | Gained mutation: You have a pair of small horns on your
                  | head. [demonic ancestry]
   261 | D:1      | Reached XP level 2. HP: 22/22 MP: 2/2
   816 | D:1      | Reached skill level 1 in Armour
   895 | D:2      | Found Caavvudaell's Distillery.
   908 | D:2      | Bought a potion of curing for 33 gold pieces
   908 | D:2      | Bought a potion of might for 44 gold pieces
   939 | D:2      | Found Tyarphiu's Antique Armour Shop.
   949 | D:2      | Gained mutation: A meltable shield of frost defends you.
                  | (SH +0) [demonic ancestry]
   949 | D:2      | Reached XP level 3. HP: 28/28 MP: 3/3
  1041 | D:2      | Found Buwop's Weapon Shop.
  1266 | D:2      | Found Bouleyhe's Antique Weapon Shop.
  1308 | D:2      | Found Tizuim's Antique Weapon Boutique.
  1353 | D:2      | Found a faded altar of an unknown god.
  1490 | D:2      | Bought a potion of heal wounds for 55 gold pieces
  1628 | D:3      | Gained mutation: You have a pair of horns on your head.
                  | [demonic ancestry]
  1628 | D:3      | Reached XP level 4. HP: 34/34 MP: 4/4
  2075 | D:3      | Noticed Jessica
  2078 | D:3      | Killed Jessica
  2250 | D:4      | Reached XP level 5. HP: 32/41 MP: 5/5
  2290 | D:4      | Noticed a phantom
  2308 | D:4      | Killed a phantom
  2589 | D:4      | Gained mutation: You are surrounded by a mild repulsion
                  | field. (EV +2) [demonic ancestry]
  2589 | D:4      | Reached XP level 6. HP: 47/47 MP: 6/6
  2720 | D:4      | Noticed a wyvern
  2730 | D:4      | Killed a wyvern
  3034 | D:4      | Found a staircase to the Ecumenical Temple.
  3046 | D:4      | Noticed Robin
  3054 | D:4      | Killed Robin
  3059 | Temple   | Entered the Ecumenical Temple
  3253 | Temple   | Became a worshipper of Hepliaklqana the Forgotten
  3411 | D:4      | Gained mutation: You are surrounded by a moderate repulsion
                  | field. (EV +3) [demonic ancestry]
  3411 | D:4      | Reached XP level 7. HP: 54/54 MP: 7/7
  3540 | D:4      | Found Gacwaf's Fire Supplies.
  3935 | D:5      | Entered Level 5 of the Dungeon
  4015 | D:5      | Noticed Menkaure
  4020 | D:5      | Killed Menkaure
  4124 | D:5      | Found an opulent altar of Gozag.
  4124 | D:5      | Found a sparkling altar of Nemelex Xobeh.
  4193 | D:5      | Noticed Eustachio
  4200 | D:5      | Reached skill level 5 in Fighting
  4200 | D:5      | Reached skill level 5 in Polearms
  4200 | D:5      | Reached skill level 5 in Dodging
  4200 | D:5      | Reached XP level 8. HP: 59/62 MP: 8/8
  4263 | D:5      | Killed Eustachio
  4514 | D:5      | Found a broken altar of Ashenzari.
  4566 | D:5      | Reached * piety under Hepliaklqana
  4567 | D:5      | Found Wykit's Antique Weapon Boutique.
  4603 | D:5      | Bought a runed trident for 188 gold pieces
  5108 | D:6      | Noticed Sigmund
  5132 | D:6      | Killed Sigmund
  5133 | D:6      | Reached skill level 5 in Armour
  5203 | D:6      | Reached XP level 9. HP: 62/62 MP: 9/9
  5247 | D:6      | Found Firuocs's Distillery.
  5272 | D:6      | Reached ** piety under Hepliaklqana
  5273 | D:6      | Remembered your ancestor Necuametl as a hexer
  6409 | D:8      | Noticed Pikel
  6425 | D:8      | Killed Pikel
  6529 | D:8      | Noticed a deep elf pyromancer
  6540 | D:8      | Killed a deep elf pyromancer
  6778 | D:8      | Noticed Erica
  6787 | D:8      | Collided with a rock wall

Illustrated notes

Levels and vault maps discovered:
D:1:      minmay_arrival_widening_spiral_narrow, layout_loops_cross
D:2:      layout_basic, chequers_ecumenical_altar_grove, serial_shops,
          nicolae_shop_statue_plus, shop, nicolae_shop_bloodbath_and_beyond,
          nicolae_shop_waterfront, shop_statue, st_stairs_4, minmay_tromino_mix6
D:3:      layout_basic, uniq_jessica
D:4:      black_bear_nest_2, layout_layer_cave, minmay_temple_entry_nine_rooms,
          nicolae_shop_fire_sale [nicolae_sub_dead_trees],
          kennysheep_generic_room_16, uniq_robin
D:5:      layout_basic, evilmike_ruin_ashenzari, grunt_temple_overflow_opulence,
          serial_shops, nicolae_stop_n_shop_2, hangedman_glass_teeth,
          grunt_ministairs_13, corexii_checkpoint_b, uniq_menkaure,
          uniq_eustachio
D:6:      layout_cave_pools, serial_shops, nicolae_shop_advertising_works
          [nicolae_subvault_shop_adworks], uniq_sigmund
D:7:      layout_basic
D:8:      kennysheep_blocky_room, layout_loops_cross, xom_butterflies,
          minmay_mini_ossuary, uniq_pikel, uniq_erica
Temple:   bh_familiar_temple

Skill      XL: |  1  2  3  4  5  6  7  8  9 |
---------------+----------------------------+-----
Dodging        | 3 4 5 6 7 |  7.1
Polearms       | 3 4 5 6 7 |  7.1
Armour         | 1 2 3 5 6 |  6.3
Fighting       | 3 4 5 6 7 |  7.4
Throwing       | |  1.7

Action                     |  1- 3 |  4- 6 |  7- 9 || total
---------------------------+-------+-------+-------++-------
  Melee: Trident           |    99 |   149 |   291 ||   539
         Headbutt          |     7 |    17 |    51 ||    75
         Punch             |     1 |       |     3 ||     4
  Throw: Throwing net      |       |     1 |       ||     1
 Invoke: Ancestor Life: He |       |       |     1 ||     1
    Use: Scroll            |     6 |     3 |     5 ||    14
   Stab: Sleeping          |     2 |       |     3 ||     5
         Confused          |       |       |     7 ||     7
         Distracted        |       |       |     1 ||     1
 Armour: Leather armour    |    19 |    23 |    36 ||    78
  Dodge: Dodged            |    31 |   100 |   190 ||   321
  Block: Other             |    15 |    62 |    96 ||   173
         Reflection        |       |     2 |     2 ||     4

Table legend: (Time is in decaauts)
 A = Elapsed time spent in this place.
 B = Non-inter-level travel time spent in this place.
 C = Inter-level travel time spent in this place.
 D = Time resting spent in this place.
 E = Time spent auto-exploring this place.
 F = Levels seen in this place.
 G = Mean time per level.
                   A        B        C        D        E       F      G
               +--------+--------+--------+--------+--------+-----+--------+
         Total |   6823 |   6575 |    248 |    182 |   5279 |   9 |  758.1 |
       Dungeon |   6607 |   6385 |    222 |    182 |   5117 |   8 |  825.9 |
        Temple |    215 |    189 |     26 |      0 |    162 |   1 |  215.0 |
               +--------+--------+--------+--------+--------+-----+--------+

Top non-repeatable levels by time:
     D:4: 1530 daAuts
     D:5: 994 daAuts
     D:1: 900 daAuts
     D:7: 680 daAuts
     D:2: 663 daAuts
     D:3: 657 daAuts
     D:6: 646 daAuts
     D:8: 534 daAuts
  Temple: 215 daAuts
